 Dungeon Crawl Stone Soup version 0.25-b1-23-ge2ad7d536c (webtiles) character file.

Game seed: 4194720641353548935, levelgen mode: deterministic

403 HoaS the Ruffian (level 6, 0/38 HPs)
             Began as a Gargoyle Gladiator on May 31, 2020.
             Was a Follower of Zin.
             Killed by nerve-wracking pain
             ... invoked by an orc priest
              (3 damage)
             ... on level 5 of the Dungeon.
             The game lasted 00:08:58 (3874 turns).

HoaS the Ruffian (Gargoyle Gladiator)               Turns: 3874, Time: 00:08:58

Health: 0/38       AC: 22    Str: 20    XL:     6   Next: 86%
Magic:  6/6        EV:  8    Int:  8    God:    Zin [*.....]
Gold:   148        SH:  0    Dex: 11    Spells: 5/5 levels left

rFire    + . .     SeeInvis +     - Unarmed
rCold    . . .     Gourm    .   (no shield)
rNeg     + + .     Faith    .   q - +4 chain mail {rF+}
rPois    ∞         Spirit   .   b - +0 helmet
rElec    +         Reflect  .   u - +0 cloak
rCorr    .         Harm     .   g - +0 pair of gloves
MR       .....                  i - +0 pair of boots
Stlth    ..........             (no amulet)
HPRegen  0.12/turn              f - ring of positive energy
MPRegen  0.10/turn              v - ring of see invisible

@: no status effects
A: negative energy resistance 1, electricity resistance, unbreathing,
petrification resistance, rot immunity, AC +4
a: Recite, Donate Gold, Renounce Religion


You were on level 5 of the Dungeon.
You worshipped Zin.
Zin was aware of your devotion.
You were hungry.

You visited 2 branches of the dungeon, and saw 6 of its levels.

You collected 164 gold pieces.
You donated 16 gold pieces to Zin.

Inventory:

Hand Weapons
 h - a +0 club
Missiles
 c - 4 throwing nets (quivered)
Armour
 b - a +0 helmet (worn)
 g - a +0 pair of gloves (worn)
 i - a +0 pair of boots (worn)
 q - a +4 chain mail of fire resistance (worn)
 u - a +0 cloak (worn)
Jewellery
 f - a ring of positive energy (left hand)
 v - a ring of see invisible (right hand)
Wands
 p - a wand of polymorph (1)
Scrolls
 e - 3 scrolls of remove curse
 k - a scroll of identify
 n - 2 scrolls of fog
 s - 2 scrolls of teleportation
Potions
 a - 3 potions of curing
 j - a potion of might
 l - a potion of mutation {unknown}
 o - a potion of berserk rage {unknown}
Comestibles
 d - 6 rations


   Skills:
 + Level 4.3 Fighting
 - Level 1.7 Throwing
 - Level 3.0 Armour
 - Level 2.4 Dodging
 * Level 5.9 Unarmed Combat


You had 5 spell levels left.
You didn't know any spells.
Your spell library was empty.

Dungeon Overview and Level Annotations

Branches:
Dungeon (5/15)             Temple (1/1) D:4

Altars:
Cheibriados
Elyvilon
Hepliaklqana
Makhleb
Trog
Uskayaw
Vehumet
Wu Jian
Xom
Zin


Innate Abilities, Weirdness & Mutations

You are resistant to torment.
Your stone body is resilient. (AC +4)
You are immune to poison.
You resist negative energy. (rN+)
You are resistant to electric shocks. (rElec)
You can survive without breathing.
You are immune to petrification.
You are immune to rotting.


Message History

You punch the orc priest, but do no damage.
The orc priest is heavily wounded.
The orc priest hits you.
You closely miss the orc priest.
The orc priest is heavily wounded.
The orc priest invokes the aid of Beogh against you.
Beogh smites you!
* * * LOW HITPOINT WARNING * * *
The orc wizard casts a spell.
The orc wizard seems to speed up.
You hit the orc priest.
The orc priest is severely wounded.
The orc priest calls down the wrath of Beogh upon you.
Pain shoots through your body!
* * * LOW HITPOINT WARNING * * *
You barely miss the orc priest.
The orc priest is severely wounded.
The orc priest mumbles some strange prayers to Beogh against you.
Pain shoots through your body!
You die...

.............#.#>#
...###..#.#..#.#.# ...#
#..#.#..#.#.###
...###..#.#..#.#...#
.............#.#.#.#
.#.###...>......<#.##.#
....................#
.......##.#.#.#.####.#
#.#.#####.#.#.#@# # #.
......#o# .. ...#.#.#o#
. ........oo.
.......... ... .##...
.... #..#.


You could see an orc priest, an orc wizard (fast) and 2 orcs.

Vanquished Creatures
  An ogre (D:4)
  3 orc wizards
  An orc priest (D:3)
  Terence (D:2)
  A worker ant (D:4)
  A hound skeleton (D:4)
  5 adders
  3 oozes
  2 dart slugs
  3 leopard geckos
  5 orcs
  7 bats
  5 giant cockroaches
  7 goblins
  7 hobgoblins
  6 jackals
  A ball python (D:4)
  6 frilled lizards
  4 kobolds
  5 rats
74 creatures vanquished.

Notes
Turn   | Place    | Note
-------+----------+-------------------------------------------
     0 | D:1      | HoaS the Gargoyle Gladiator began the quest for the Orb.
     0 | D:1      | Reached XP level 1. HP: 12/12 MP: 1/1
   213 | D:1      | Reached XP level 2. HP: 15/18 MP: 2/2
   409 | D:1      | Reached skill level 1 in Armour
   685 | D:1      | Reached XP level 3. HP: 21/22 MP: 3/3
  1225 | D:2      | Found an ornate altar of the Wu Jian Council.
  1377 | D:2      | Noticed Terence
  1409 | D:2      | Killed Terence
  1409 | D:2      | Reached skill level 4 in Unarmed Combat
  1409 | D:2      | Reached XP level 4. HP: 28/28 MP: 4/4
  1519 | D:2      | Found a faded altar of an unknown god.
  1911 | D:3      | Reached XP level 5. HP: 25/32 MP: 5/5
  2030 | D:3      | Found a hazy altar of Hepliaklqana.
  2772 | D:3      | Reached skill level 5 in Unarmed Combat
  2871 | D:3      | Found a radiant altar of Vehumet.
  2957 | D:4      | Noticed an ogre
  3062 | D:4      | Reached XP level 6. HP: 35/38 MP: 6/6
  3385 | D:4      | Found a staircase to the Ecumenical Temple.
  3481 | Temple   | Entered the Ecumenical Temple
  3502 | Temple   | Became a worshipper of Zin the Law-Giver
  3502 | Temple   | Reached * piety under Zin
  3519 | D:4      | Found a shimmering altar of Xom.
  3835 | D:5      | Entered Level 5 of the Dungeon
  3874 | D:5      | Killed from afar by an orc priest

Illustrated notes

Levels and vault maps discovered:
D:1:      minmay_arrival_jagged, layout_loops_corners, minmay_pentomino_s2
D:2:      layout_rooms, lemuel_doored_altar, chequers_ecumenical_altar_island,
          uniq_terence
D:3:      layout_basic, nicolae_overflow_hidden_temple, lemuel_round_altar
D:4:      layout_cave_pools, overflow_temple_1_default, temple_pool_b,
          chequers_serial_rivers_small_b
D:5:      cheibrodos_barr_body, layout_basic, led_sif_book, serial_shops, shop,
          first_ration, serial_rivers, chequers_serial_rivers_room_a,
          chequers_serial_rivers_micro_e, chequers_serial_rivers_large_a,
          chequers_serial_rivers_micro_e, chequers_serial_rivers_small_3,
          chequers_serial_rivers_small_a
Temple:   eino_wide_crystal_templ

Skill      XL: |  1  2  3  4  5  6 |
---------------+-------------------+-----
Armour         | 1 2 3 |  3.0
Fighting       | 3 4 |  4.3
Unarmed Combat | 4 5 |  5.9
Throwing       | |  1.7
Dodging        | |  2.4

Action                   |  1- 3 |  4- 6 || total
-------------------------+-------+-------++-------
Melee: Unarmed           |   131 |   264 ||   395
       Punch             |     5 |     3 ||     8
  Use: Scroll            |       |    10 ||    10
  Eat: Chunk             |     2 |     7 ||     9
Armor: Leather armour    |    14 |       ||    14
       Scale mail        |    41 |       ||    41
       Chain mail        |       |   177 ||   177
Dodge: Dodged            |    73 |   118 ||   191
